 Dungeon Crawl Stone Soup version 0.28-a0-1447-ga5a8893 (webtiles) character file.

Game seed: 11400359396031486083

5782 Dorkslayer the Cleaver (level 10, -1/129 HPs)
             Began as a Hill Orc Fighter on Jan 10, 2022.
             Was an Elder of Fedhas.
             Slain by a gnoll sergeant (6 damage)
             ... in a bailey.
             The game lasted 00:24:59 (7602 turns).

Dorkslayer the Cleaver (Hill Orc Fighter)           Turns: 7602, Time: 00:24:59

Health: -1/129     AC: 25    Str: 24    XL:     10   Next: 78%
Magic:  15/15      EV:  2    Int:  8    God:    Fedhas [****..]
Gold:   376        SH:  5    Dex: 16    Spells: 9/9 levels left

rFire   . . .      SeeInvis .   a - +1 war axe (spect)
rCold   . . .      Faith    .   c - +0 buckler
rNeg    . . .      Spirit   .   (armour currently unavailable)
rPois   +          Reflect  .   (helmet currently unavailable)
rElec   .          Harm     .   (cloak currently unavailable)
rCorr   .          Rampage  .   (gloves currently unavailable)
Will    +....      NoTele   +   (boots currently unavailable)
Stlth   ++........              d - amulet of magic regeneration
HPRegen 0.31/turn               m - ring of willpower
MPRegen 0.54/turn               v - ring "Xutzy" {rPois Dex+6 Slay+3}

@: tree-form
A: stationary, stasis, torment immunity, boosted hp
a: Renounce Religion, Wall of Briars, Grow Ballistomycete, Overgrow


You were in a bailey.
You worshipped Fedhas.
Fedhas was greatly pleased with you.
You were a tree.
You visited 2 branches of the dungeon, and saw 9 of its levels.
You also visited: Bailey.

You collected 376 gold pieces.

Inventory:

Hand Weapons
 a - a +1 spectral war axe (weapon)
 e - a +0 war axe
Missiles
 b - 8 throwing nets
 g - 6 boomerangs (quivered)
Armour
 c - a +0 buckler (worn)
 i - a +1 pair of boots (melded)
 k - a +2 pair of gloves (melded)
 o - a +0 plate armour (melded)
Jewellery
 d - an amulet of magic regeneration (around neck)
 m - a ring of willpower (left branch)
 v - the ring "Xutzy" (right branch) {rPois Dex+6 Slay+3}
   (You found it on level 6 of the Dungeon)

   [ring of dexterity]

   Dex:       It affects your dexterity (+6).
   Slay:      It affects your accuracy & damage with ranged weapons and melee
   (+3).
   rPois:     It protects you from poison.
Wands
 w - a wand of mindburst (18)
Scrolls
 h - 2 scrolls of silence
 n - 2 scrolls of teleportation
 p - a scroll of immolation
Potions
 f - a potion of mutation
 j - a potion of flight
 l - a potion of berserk rage
 r - a potion of lignification
 s - a potion of resistance
 t - 2 potions of ambrosia
 x - 3 potions of cancellation


   Skills:
 + Level 7.1 Fighting
 + Level 11.8 Axes
 + Level 4.6 Throwing
 + Level 7.3 Armour
 + Level 1.3 Dodging
 + Level 1.5 Stealth
 + Level 5.5 Shields
 * Level 6.8 Invocations
 * Level 5.2 Evocations


You had 9 spell levels left.
You didn't know any spells.
Your spell library contained the following spells:

 Spells                   Type           Power      Damage    Failure   Level
 Magic Dart               Conj           0%         1d3       50%         1
 Sting                    Tmut/Pois      0%         1d3       50%         1
 Summon Small Mammal      Summ           0%         N/A       50%         1
 Call Imp                 Summ           0%         N/A       63%         2
 Poisonous Vapours        Pois/Air       0%         N/A       63%         2
 Call Canine Familiar     Summ           0%         N/A       86%         3
 Mephitic Cloud           Conj/Pois/Air  0%         N/A       86%         3
 Stone Arrow              Conj/Erth      0%         3d7       86%         3
 Summon Guardian Golem    Hex/Summ       0%         N/A       86%         3
 Animate Armour           Summ/Erth      0%         N/A       99%         4
 Animate Dead             Necr           0%         N/A       99%         4
 Olgreb's Toxic Radiance  Pois           0%         N/A       99%         4
 Borgnjor's Vile Clutch   Necr/Erth      0%         N/A       100%        5
 Death Channel            Necr           0%         N/A       100%        6
 Orb of Destruction       Conj           0%         N/A       100%        7
 Spellforged Servitor     Conj/Summ      0%         N/A       100%        7
 Lehudib's Crystal Spear  Conj/Erth      0%         10d2      100%        8


Dungeon Overview and Level Annotations

Branches:
Dungeon (8/15)             Temple (1/1) D:6          Bailey (1/1)
   Lair: D:8-11

Altars:
Fedhas
Qazlal
Ru
Yredelemnul
Zin

Annotations:
D:5 1 runed translucent door


Message History

The wolf bites you.
* * * LOW HITPOINT WARNING * * *
The gnoll sergeant hits you from afar with a +0 glaive.
* * * LOW HITPOINT WARNING * * *
Unknown command.
You closely miss the wolf.
The wolf is heavily wounded.
Your +1 spectral war axe hits the wolf.
The wolf bites you.
* * * LOW HITPOINT WARNING * * *
The gnoll sergeant barely misses you. The wolf bites you but does no damage.
You hit the wolf.
The wolf is almost dead.
Your +1 spectral war axe hits the wolf!!
You kill the wolf!
Fedhas appreciates your contribution to the ecosystem.
Something misses your +1 spectral war axe.
The gnoll sergeant hits you but does no damage.
You block the gnoll sergeant's attack.
You hit the gnoll sergeant but do no damage.
The gnoll sergeant is lightly wounded.
Your +1 spectral war axe hits the gnoll sergeant!
The gnoll sergeant hits you but does no damage. x2
You hit the gnoll sergeant but do no damage.
The gnoll sergeant is heavily wounded.
Your +1 spectral war axe hits the gnoll sergeant.
The gnoll sergeant hits you but does no damage.
You block the gnoll sergeant's attack.
You hit the gnoll sergeant but do no damage.
The gnoll sergeant is severely wounded.
Your +1 spectral war axe hits the gnoll sergeant.
The gnoll sergeant hits you with a +0 halberd.
* * * LOW HITPOINT WARNING * * *
The gnoll sergeant hits you but does no damage.
The gnoll hits your ballistomycete with a +0 halberd!
You slash the gnoll sergeant!
You kill the gnoll sergeant!
Fedhas appreciates your contribution to the ecosystem.
The gnoll sergeant hits you from afar with a +0 glaive.
You die...
Fedhas appreciates your contribution to the ecosystem.

♣♣≈≈≈ ♣♣≈≈.. #######
♣.≈..# .....8.## ♣.≈..#
........## ..≈..#
......)..# ..≈..#
#####.)†.)# ♣ ..≈.)#
##...##g).g# .≈♣
..≈..######..)..###g##..≈♣
.....'...#.)....♣#......≈♣
.))..'...'...8).§hg.....≈♣
.)...'...#.......#Pg....≈♣
..≈..######.....###+##..≈♣
..≈..# ##...## ..≈♣ ..≈..#
##### .≈♣ ..≈..# .≈♣
♣.≈..# ≈♣ ♣.≈..###


You could see a gnoll sergeant (ally target), a wolf, a gnoll and a friendly
ballistomycete (summoned).

Vanquished Creatures
  Harold (D:7)
  The ghost of AlexanderH the Fighter, a novice DrTm (D:6)
  Pikel (D:7)
  A wyvern (D:7)
  3 redbacks (D:5)
  Menkaure (D:4)
  4 water moccasins
  2 sky beasts
  2 necrophages
  3 ogres
  A centaur (D:7)
  4 wolves (Bailey)
  A lemure (D:7)
  A phantom (D:5)
  2 gnoll sergeants (Bailey)
  A water moccasin zombie (D:5)
  10 scorpions
  8 killer bees
  4 quasits (D:6)
  A bullfrog zombie (D:5)
  3 hounds
  An orc priest (D:5)
  A jelly (D:6)
  2 gnoll shamans (Bailey)
  6 orc wizards
  A howler monkey skeleton (D:5)
  14 gnolls
  11 adders
  A shadow imp (D:8)
  3 worms
  17 orcs
  4 endoplasms
  4 giant cockroaches
  4 goblins (D:8)
  9 hobgoblins
  3 jackals (D:4)
  A quokka (D:4)
  6 ball pythons
  7 bats
  4 frilled lizards
  4 kobolds
  2 rats
160 creatures vanquished.

Vanquished Creatures (collateral kills)
  13 ballistomycete spores
13 creatures vanquished.

Vanquished Creatures (others)
  A redback (D:5)
  A ballistomycete spore (D:5)
  11 plants (D:3)
13 creatures vanquished.

Grand Total: 186 creatures vanquished

Notes
Turn   | Place    | Note
-------+----------+-------------------------------------------
     0 | D:1      | Dorkslayer the Hill Orc Fighter began the quest for the
                  | Orb.
     0 | D:1      | Reached XP level 1. HP: 19/19 MP: 1/1
   256 | D:1      | Reached XP level 2. HP: 27/27 MP: 2/2
   549 | D:1      | Found a faded altar of an unknown god.
   552 | D:1      | Prayed at the altar of an unknown god.
   552 | D:1      | Became a worshipper of Fedhas Madash
   552 | D:1      | Reached * piety under Fedhas
   846 | D:2      | Reached skill level 3 in Axes
   846 | D:2      | Reached XP level 3. HP: 29/33 MP: 3/3
   856 | D:1      | HP: 1/33 [gnoll (4)]
  1156 | D:2      | Reached XP level 4. HP: 32/40 MP: 4/4
  1290 | D:2      | Reached skill level 4 in Axes
  1480 | D:2      | Reached skill level 1 in Throwing
  2216 | D:3      | Reached ** piety under Fedhas
  2326 | D:3      | Reached XP level 5. HP: 46/46 MP: 5/5
  2955 | D:4      | Noticed a necrophage
  2962 | D:4      | Killed a necrophage
  2963 | D:4      | Reached skill level 5 in Axes
  3026 | D:4      | Reached XP level 6. HP: 52/52 MP: 6/6
  3177 | D:4      | Noticed Menkaure
  3183 | D:4      | Killed Menkaure
  3184 | D:4      | Reached skill level 6 in Axes
  3184 | D:4      | Reached skill level 1 in Dodging
  3310 | D:4      | Identified the +3 leather armour "Kemo" {Dex+4}
  3417 | D:4      | Reached XP level 7. HP: 47/60 MP: 7/7
  3528 | D:4      | Reached skill level 1 in Invocations
  3711 | D:4      | Reached skill level 7 in Axes
  3865 | D:5      | Entered Level 5 of the Dungeon
  4100 | D:5      | Reached XP level 8. HP: 62/67 MP: 9/9
  4157 | D:5      | Reached skill level 5 in Fighting
  4196 | D:5      | Reached *** piety under Fedhas
  4200 | D:5      | Reached skill level 8 in Axes
  4474 | D:5      | Reached skill level 5 in Armour
  4586 | D:5      | Found a runed translucent door.
  4600 | D:5      | Found a runed translucent gate.
  4602 | D:5      | Found a runed translucent gate.
  4602 | D:5      | Found a runed translucent gate.
  4630 | D:5      | Found a runed translucent door.
  4646 | D:5      | Reached skill level 1 in Evocations
  4649 | D:5      | Reached XP level 9. HP: 70/74 MP: 7/11
  4651 | D:5      | Reached skill level 9 in Axes
  4832 | D:5      | Found the +9 staff of Olgreb {rPois∞}
  5337 | D:6      | Found a transporter.
  5337 | D:6      | Noticed AlexanderH's ghost (novice DrTm)
  5516 | D:6      | Found a staircase to the Ecumenical Temple.
  5529 | Temple   | Entered the Ecumenical Temple
  5606 | D:6      | Reached skill level 10 in Axes
  5858 | D:6      | Found a transporter.
  6131 | D:6      | Killed AlexanderH's ghost
  6132 | D:6      | Reached skill level 1 in Stealth
  6132 | D:6      | Reached skill level 5 in Shields
  6132 | D:6      | Reached skill level 5 in Invocations
  6132 | D:6      | Reached XP level 10. HP: 26/84 MP: 10/14
  6149 | D:6      | Identified the ring "Xutzy" {rPois Dex+6 Slay+3}
  6422 | D:7      | Noticed Harold
  6448 | D:7      | Killed Harold
  6449 | D:7      | Reached skill level 11 in Axes
  6880 | D:7      | Noticed Pikel
  6893 | D:7      | Killed Pikel
  7275 | D:7      | Found a glowing silver altar of Zin.
  7468 | D:8      | Found a flagged portal.
  7486 | Bailey   | Entered a bailey
  7495 | Bailey   | Reached **** piety under Fedhas
  7580 | Bailey   | Reached skill level 5 in Evocations
  7584 | Bailey   | HP: 4/86 [gnoll sergeant (11)]
  7596 | Bailey   | HP: 4/129 [wolf (5)]
  7601 | Bailey   | HP: 5/129 [gnoll sergeant (1)]
  7602 | Bailey   | Slain by a gnoll sergeant

Illustrated notes

Levels and vault maps discovered:
D:1:      co_arrival_square_in_a_square_in_a_square, layout_basic,
          shapermc_ecumenical_altar_hornbeckon, minivault_27
D:2:      layout_basic, nicolae_elevator_lobby_plus
D:3:      layout_basic, serial_bayou, serial_bayou_shore_b,
          serial_bayou_shore_a, serial_bayou_pond_d, serial_bayou_pond_a,
          serial_bayou_crossing, kennysheep_generic_room_8
D:4:      layout_loops_ring, uniq_menkaure
D:5:      layout_basic, minivault_25, minmay_guarded_unrand_staff_of_olgreb
D:6:      layout_loops_ring, temple_green, gammafunk_ghost_stat_death
D:7:      layout_loops_ring, zin_statuary, uniq_harold, uniq_pikel
D:8:      gammafunk_cloud_chamber, layout_loops_corners, enter_bailey_5,
          uniq_maggie, uniq_grum
Temple:   roderic_octagonal_lattice_temple
Bailey:   bailey_polearm_gnolls_kennysheep, bailey

Skill      XL: |  1  2  3  4  5  6  7  8  9 10 |
---------------+-------------------------------+-----
Axes           | 3 4 5 6 7 8 10 11 | 11.8
Throwing       | 1 2 3 4 |  4.6
Fighting       | 4 5 6 7 |  7.1
Armour         | 4 5 6 7 |  7.3
Dodging        | 1 |  1.3
Shields        | 4 5 |  5.5
Invocations    | 2 3 5 6 |  6.8
Evocations     | 1 3 5 |  5.2
Stealth        | 1 |  1.5

Action                   |  1- 3 |  4- 6 |  7- 9 | 10-12 || total
-------------------------+-------+-------+-------+-------++-------
Melee: War axe           |    65 |   169 |   219 |   104 ||   557
Throw: Boomerang         |       |     4 |     6 |     6 ||    16
Invok: Grow Ballistomyce |       |       |     3 |     2 ||     5
Evoke: Wand              |       |       |     3 |     4 ||     7
  Use: Potion            |     2 |       |     2 |     5 ||     9
       Scroll            |       |     8 |     4 |     5 ||    17
 Stab: Confused          |       |       |     2 |       ||     2
Armor: Scale mail        |    42 |    43 |       |       ||    85
       Plate armour      |       |    57 |   154 |   105 ||   316
       Skin              |       |       |       |     7 ||     7
Dodge: Dodged            |    36 |    69 |    54 |    64 ||   223
Block: Buckler           |    13 |    46 |    33 |    48 ||   140

Table legend: (Time is in decaauts)
 A = Elapsed time spent in this place.
 B = Non-inter-level travel time spent in this place.
 C = Inter-level travel time spent in this place.
 D = Time resting spent in this place.
 E = Time spent auto-exploring this place.
 F = Levels seen in this place.
 G = Mean time per level.
                   A        B        C        D        E       F      G
               +--------+--------+--------+--------+--------+-----+--------+
         Total |   7775 |   7775 |      0 |   1536 |   2845 |  10 |  777.5 |
       Dungeon |   7609 |   7609 |      0 |   1536 |   2819 |   8 |  951.1 |
        Temple |     50 |     50 |      0 |      0 |     26 |   1 |   50.0 |
        Bailey |    115 |    115 |      0 |      0 |      0 |   1 |  115.0 |
               +--------+--------+--------+--------+--------+-----+--------+

Top non-repeatable levels by time:
     D:5: 1426 daAuts
     D:1: 1161 daAuts
     D:6: 1105 daAuts
     D:4: 1081 daAuts
     D:7: 1019 daAuts
     D:2: 945 daAuts
     D:3: 826 daAuts
  Bailey: 115 daAuts
  Temple: 50 daAuts
     D:8: 42 daAuts
